Unix NetHack Version 3.7.0-66 Work-in-progress - last build Oct 24 2022 02:09:04 (0cf9ee0665dfd4e3628fd2b6ead320895a4d4695,branch:master). Game began 2022-10-29 09:31:06, ended 2022-10-30 08:15:27. torpedovariant, lawful female human Samurai ------------ |..*%%..D... ---...----a--- |....--....%..- -------.%.-- ...?.... ----- |%....%%.%| ...%.... ...| |.%.------- ...a.... ---------..-- ----|--- a.aaaaa |.......|...-- --.%*.... -----|----- |.......|..%.---.%.......- ---..Da.a@aa--- |..._%%.)%.%.....%........ |.O@a%a%aa....| |.....%%|....---.........- |. ----.----aA| |.......|...-- --0......-- | @|.......| | ---------..-- ----- A@|a....A.| ...| @ |...@...| ----- |..@....| ~w|.a...D.| ~---------a A~ A A Torpedovariant the Ryoshu St:25 Dx:17 Co:18 In:15 Wi:17 Ch:11 Lawful Astral Plane $:0 HP:137(264) Pw:25(25) AC:-23 Exp:15 T:40427 Satiated Lev Latest messages: The carafe crashes on your head and breaks into shards. The potion of paralysis evaporates. You stiffen momentarily. You hear a mumbled curse. The priest of Raijin casts a spell! The giant ant misses! The invisible Famine rises from the dead in a ring of withered crops! You kill the giant beetle! The giant ant misses! The killer bee misses! You hear a mumbled curse. Kevin the Reaver zaps a wand of sleep! The sleep ray hits the giant ant. The sleep ray hits you! But it reflects from your armor! The sleep ray hits the giant ant. The sleep ray hits Kevin the Reaver. The sleep ray hits the giant ant. You hear a mumbled curse. The Angel of Raijin hurls a potion of acid! The phial crashes on your head and breaks into shards. The potion of acid evaporates. This burns! The soldier ant misses! The soldier ant misses! You see here a giant beetle corpse. You see here a giant beetle corpse. You hit the Angel of Raijin! The invisible Famine moves the giant ant out of the way! You hear a mumbled curse. You hear a chugging sound. The priest of Raijin casts a spell! The high priest intones: "Pilgrim, you enter a sacred place!" The giant ant misses! The giant ant turns to flee. The soldier ant turns to flee. The orange dragon turns to flee. You hear a distant zap. You float slightly lower. There is a high altar to Amaterasu Omikami (lawful) here. What do you want to sacrifice? [X or ?*] You offer the Amulet of Yendor to Amaterasu Omikami... An invisible choir sings, and you are bathed in radiance... The voice of Amaterasu Omikami booms: "Mortal, thou hast done well!" "In return for thy service, I grant thee the gift of Immortality!" You ascend to the status of Demigoddess... Do you want your possessions identified? [ynq] (y) Do you want to see your attributes? [ynq] (y) Do you want an account of creatures vanquished? [ynaq] (y) Inventory: Amulets o - an uncursed amulet of magical breathing (being worn) s - an uncursed amulet of flying O - an uncursed amulet of life saving Armor c - an uncursed +0 oilskin cloak A - a blessed greased fireproof +2 T-shirt with text "Minetown Better Business Bureau" named "Minetown Better Business Bureau" (being worn) B - an uncursed greased +4 silver dragon scale mail (being worn) C - a blessed burnt +0 cloak of magic resistance (being worn) D - an uncursed burnt +5 pair of speed boots (being worn) E - a blessed rustproof +4 pair of gauntlets of power (being worn) F - a blessed rustproof +0 helm of telepathy (being worn) Comestibles j - an uncursed partly eaten gunyoki L - an uncursed lizard corpse named KFC Rings W - a blessed ring of free action (on left hand) Y - a blessed ring of conflict (on right hand) Wands l - an uncursed wand of teleportation (1:0) p - an uncursed wand of teleportation (0:1) q - an uncursed wand of teleportation (0:5) y - an uncursed wand of digging (0:5) z - an uncursed wand of digging (0:4) Q - an uncursed wand of death (1:5) R - a blessed wand of digging (0:4) V - an uncursed wand of teleportation named empty (0:0) Tools b - a blessed greased bag of holding containing 124 items e - an uncursed stethoscope i - an uncursed bugle k - a cursed skeleton key t - an uncursed blindfold u - a blessed +0 unicorn horn v - a cursed magic lamp (lit) Gems/Stones x - a blessed luckstone Contents of the bag of holding: 457 gold pieces an uncursed amulet of guarding an uncursed +0 pair of jumping boots an uncursed -1 pair of levitation boots an uncursed +0 cloak of protection 2 uncursed gunyoki an uncursed sprig of wolfsbane an uncursed lizard corpse named MCD 4 uncursed scrolls of blank paper a cursed scroll of blank paper a blessed scroll of charging an uncursed scroll of confuse monster 2 uncursed scrolls of create monster an uncursed scroll of fire an uncursed scroll of gold detection 3 uncursed scrolls of identify an uncursed scroll of remove curse an uncursed scroll of taming a cursed scroll of teleportation 2 blessed diluted potions of extra healing an uncursed potion of extra healing 3 uncursed diluted potions of extra healing 4 blessed diluted potions of full healing 12 uncursed diluted potions of full healing an uncursed potion of gain energy 2 cursed potions of gain level a cursed potion of healing 3 uncursed potions of levitation an uncursed potion of object detection a blessed potion of paralysis an uncursed potion of paralysis a blessed potion of restore ability an uncursed potion of sleeping a cursed potion of speed 10 potions of holy water 11 uncursed potions of water 4 potions of unholy water an uncursed ring of conflict an uncursed ring of conflict an uncursed ring of conflict an uncursed ring of free action an uncursed ring of free action an uncursed ring of free action an uncursed -1 ring of gain constitution a blessed ring of levitation an uncursed ring of levitation an uncursed ring of levitation an uncursed ring of levitation an uncursed ring of regeneration an uncursed ring of regeneration an uncursed ring of shock resistance an uncursed ring of shock resistance an uncursed ring of shock resistance a blessed ring of teleport control a blessed wand of cold (0:8) an uncursed wand of cold (0:8) an uncursed wand of cold (0:7) an uncursed wand of cold (0:6) an uncursed wand of cold (0:6) an uncursed wand of cold (0:6) an uncursed wand of cold (0:6) an uncursed wand of create monster (2:4) an uncursed wand of digging (0:8) an uncursed wand of digging (1:8) an uncursed wand of digging (0:8) an uncursed wand of digging (0:8) an uncursed wand of digging (0:6) an uncursed wand of digging (0:6) an uncursed wand of digging (0:6) an uncursed wand of digging (0:6) an uncursed wand of digging (0:5) an uncursed wand of digging (0:5) an uncursed wand of digging (0:5) an uncursed wand of digging (0:5) an uncursed wand of digging (0:4) an uncursed wand of digging (0:4) an uncursed wand of digging (0:3) an uncursed wand of digging (0:0) a cursed wand of digging (0:8) a cursed wand of digging (0:5) an uncursed wand of fire (0:4) an uncursed wand of fire (0:2) an uncursed wand of lightning (1:10) an uncursed wand of lightning (0:7) an uncursed wand of lightning (0:5) an uncursed wand of lightning (0:4) an uncursed wand of polymorph (0:0) an uncursed wand of secret door detection (0:14) an uncursed wand of secret door detection (0:13) an uncursed wand of secret door detection (0:12) an uncursed wand of sleep (0:6) an uncursed wand of sleep (0:6) an uncursed wand of sleep (0:6) an uncursed wand of sleep (0:5) an uncursed wand of sleep (0:4) an uncursed wand of sleep (0:4) an uncursed wand of slow monster (0:7) an uncursed wand of speed monster (0:7) an uncursed wand of speed monster (0:6) an uncursed wand of speed monster (0:6) an uncursed wand of speed monster (0:3) an uncursed wand of striking (0:8) an uncursed wand of striking (0:6) an uncursed wand of striking (0:6) an uncursed wand of striking (0:6) an uncursed wand of striking (0:5) an uncursed wand of striking (0:5) an uncursed wand of striking (0:3) an uncursed wand of striking (0:3) an uncursed wand of striking (0:0) an uncursed wand of striking (0:0) an uncursed wand of striking (0:0) an uncursed wand of wishing (1:3) an empty uncursed sack named cancellation an uncursed leash a blessed magic marker (0:8) an uncursed magic marker (0:31) an uncursed magic whistle an uncursed very rusty +0 pick-axe an uncursed stethoscope 2 uncursed tallow candles an uncursed +0 unicorn horn an uncursed +0 unicorn horn 5 uncursed wax candles Torpedovariant the Samurai's attributes: Background: You were a Ryoshu, a level 15 female human Samurai. You were lawful, on a mission for Amaterasu Omikami who was opposed by Raijin (neutral) and Susanowo (chaotic). You were in the endgame, on the Astral Plane. You entered the dungeon 40427 turns ago. You had 270367 experience points, 49633 more were needed to attain level 16. Basics: You had 137 out of 264 hit points. You had all 25 energy points (spell power). Your armor class was -23. Your wallet was empty, but you had 457 zorkmids stashed away in your pack. Autopickup was on for '"?!=/' plus thrown, with exceptions. Final Characteristics: Your strength was 25 (base:18/34, peak:18/35, innate limit:18/100). Your dexterity was 17 (peak:18, limit:18). Your constitution was 18 (limit:18). Your intelligence was 15 (limit:18). Your wisdom was 17 (peak:18, limit:18). Your charisma was 11 (limit:18). Final Status: You were levitating, at will. You were satiated. You were unencumbered. You were empty handed. You were skilled in martial arts. Final Attributes: You were piously aligned. You were magic-protected. You were fire resistant. You were cold resistant. You were sleep resistant. You were disintegration resistant. You were shock resistant. You were poison resistant. You saw invisible. You were telepathic. You were invisible to others. You were stealthy. You caused conflict. You could survive without air. You had a moderate defense bonus (+7). You were warded. You were very fast. You had reflection. You had free action. You were extremely lucky. You had extra luck. Good luck did not time out for you. You survived. Miscellaneous: You encountered 1 bones level. Total elapsed playing time was 6 hours, 35 minutes and 16 seconds. Major events: Turn 1: torpedovariant the lawful female human Samurai entered the dungeon 1102: entered the Gnomish Mines 1138: attained the rank of Ronin (level 3) 2568: attained the rank of Kunoichi (level 6) 3042: reached Mine Town 6209: destroyed meek's ghost, the former Conjurer 7478: made her first wish - "blessed greased fixed +2 silver dragon scale mail", got "a greased silver dragon scale mail" 8113: entered Sokoban 9220: completed 1st Sokoban level 9603: completed 2nd Sokoban level 10144: completed 3rd Sokoban level 10597: attained the rank of Joshu (level 10) 10759: completed 4th Sokoban level 10835: acquired the Sokoban amulet of reflection 10868: wished for "blessed greased fixed poisoned bag of holding", got "a greased bag" 13832: acquired the Mines' End luckstone 14866: was bestowed with Snickersnee by Amaterasu Omikami 14979: was bestowed with Fire Brand by Amaterasu Omikami 15267: was bestowed with Demonbane by Amaterasu Omikami 16788: was bestowed with Trollsbane by Amaterasu Omikami 17998: had Excalibur thrown at them by some watery tart 18448: wished for "blessed greased fixed poisoned +2 gauntlets of power", got "a greased pair of old gloves" 21007: killed Medusa 21601: wished for "blessed greased fixed +2 t-shirt", got "a greased T-shirt" 22053: entered Gehennom 22423: attained the rank of Ryoshu (level 14) 23790: bribed Asmodeus with 230 zorkmids for safe passage 24102: found Cleaver on the floor 24236: killed Juiblex 24882: killed the invisible Baalzebub 25470: killed Orcus 26766: destroyed Vlad the Impaler 26768: acquired the Candelabrum of Invocation 29282: killed Ashikaga Takauji 29282: found the Tsurugi of Muramasa on the floor 29290: acquired the Bell of Opening 32947: wished for "blessed greased fixed +2 helm of telepathy", got "a greased crested helmet" 35514: killed Yeenoghu 38392: killed the Wizard of Yendor 38395: killed the Wizard of Yendor (2nd time) 38397: acquired the Book of the Dead 38625: performed the invocation 38725: killed the invisible Wizard of Yendor (3rd time) 38732: killed the high priestess of Moloch 38733: acquired The Amulet of Yendor 39274: killed the invisible Wizard of Yendor (5th time) 40093: entered the Elemental Planes 40093: entered Plane of Earth 40149: entered Plane of Air 40243: entered Plane of Fire 40265: entered Plane of Water 40313: entered the Astral Plane 40328: killed Pestilence 40387: killed Pestilence (2nd time) 40409: killed the invisible Famine 40418: killed Pestilence (3rd time) 40427: ascended Vanquished creatures: Baalzebub Orcus Yeenoghu Juiblex the Wizard of Yendor (7 times) Pestilence (thrice) Famine Vlad the Impaler an arch-lich a high cleric a mastodon Medusa 8 krakens 5 iron golems 4 master liches 5 storm giants a glass golem 4 balrogs 6 purple worms a gray dragon 3 gold dragons 6 red dragons 2 white dragons a black dragon 3 blue dragons 2 green dragons 5 yellow dragons 11 minotaurs 5 jabberwocks Ashikaga Takauji 6 baluchitheria an Angel 5 demiliches a stone golem 2 master mind flayers 7 Olog-hai 3 Nazgul 6 pit fiends 4 sandestins 4 hell hounds a displacer beast 5 titanotheres 3 trappers a guardian naga 3 genetic engineers 4 disenchanters 24 vampire leaders 5 skeletons 2 shopkeepers 4 captains 5 shades 9 liches 7 clay golems 8 nurses 8 ice devils 4 nalfeshnees 3 lurkers above an Aleax a frost giant an ettin a golden naga 14 black puddings 23 vampires 5 lieutenants 28 ghosts 9 samurai a queen bee a winged gargoyle 11 giant mimics 6 long worms 3 zruties 6 fire giants 5 ogre tyrants 3 ice trolls 7 rock trolls 8 umber hulks 3 flesh golems 6 elven monarchs a doppelganger 8 hezrous 2 bone devils 8 large mimics a couatl 34 stalkers 10 air elementals 6 fire elementals 8 earth elementals 4 water elementals 11 hill giants a giant mummy a black naga 5 xorns 16 giant zombies 10 elf-nobles 9 sergeants 17 barbed devils 4 vrocks 4 salamanders 13 wargs 3 winter wolves 9 hell hound pups 12 small mimics 3 glass piercers 5 warhorses 5 steam vortices 12 xans 6 ettin mummies 7 ogre leaders 7 quantum mechanics 20 trolls 2 sasquatches a wood golem 3 erinyes 5 mariliths 5 sharks 6 gelatinous cubes a pyrolisk 3 large dogs 6 freezing spheres 5 flaming spheres 11 shocking spheres 13 tigers 5 gargoyles 7 ochre jellies 3 leocrottas 5 energy vortices 4 mountain centaurs a stone giant 8 elf mummies 5 human mummies a red naga 4 green slimes 2 pythons 2 pit vipers 11 cobras 44 wraiths 3 carnivorous apes 13 ettin zombies 2 leather golems 13 Grey-elves 45 soldiers 7 amorous demons 7 horned devils 5 chameleons 2 crocodiles 17 giant beetles 18 cockatrices 70 wolves 9 winter wolf cubs 2 lynxes 2 panthers 10 gremlins 2 spotted jellies 28 leprechauns 5 orc-captains 4 iron piercers 2 mumakil 6 giant spiders 5 scorpions 5 horses 3 ice vortices 5 black lights 11 vampire bats 5 forest centaurs 5 gnome rulers 3 orc mummies 5 dwarf mummies 10 ogres a brown pudding 5 rust monsters 9 owlbears 5 yetis a gold golem 5 werewolves 16 Green-elves 3 piranha 13 giant eels 14 lizards 21 ninja 9 chickatrices 4 dingoes 6 dogs 2 housecats 4 jaguars a dwarf leader 2 blue jellies 5 gray unicorns 4 dust vortices 23 ravens 6 plains centaurs 5 gnome mummies 5 snakes 4 water moccasins 6 apes 17 human zombies 6 rope golems 6 Woodland-elves 11 soldier ants 7 fire ants 10 bugbears 3 imps 11 lemures 10 quasits 6 wood nymphs 4 water nymphs 4 mountain nymphs 18 Mordor orcs 33 Uruk-hai 3 orc shamans 6 rock piercers 5 rock moles 3 ponies 3 fog clouds 16 yellow lights a shrieker 3 violet fungi 16 gnome leaders 9 gnomish wizards 2 Kop Lieutenants 5 kobold mummies 6 gray oozes a barrow wight 27 elf zombies 18 ghouls 4 straw golems 5 paper golems 2 jellyfish 23 giant ants 4 little dogs 6 floating eyes 3 kittens 12 dwarves 2 homunculi 2 kobold leaders 3 kobold shamans 20 hill orcs 15 rothes 3 rabid rats 2 centipedes 6 giant bats 3 monkeys 14 orc zombies 12 dwarf zombies a wererat 2 werejackals 14 iguanas 55 killer bees 4 acid blobs 3 coyotes 3 gas spores 5 hobbits 27 manes a large kobold 10 hobgoblins 6 giant rats 17 cave spiders 6 brown molds 3 yellow molds 3 green molds 3 red molds 53 gnomes 9 garter snakes 11 gnome zombies 6 geckos 23 jackals 2 foxes 2 kobolds 8 goblins 5 sewer rats 18 grid bugs 15 lichens 15 kobold zombies 10 newts 2055 creatures vanquished. Extinct species: erinyes (extinct) 1 species extinct. Voluntary challenges: You read items or engraved 99 times. You never engraved Elbereth. You never genocided any monsters. You never changed form. You used 5 wishes. You did not wish for any artifacts. You did not violate any of the special Sokoban rules. Achievements: You entered the Gnomish Mines. You attained the rank of Ronin. You entered a shop. You attained the rank of Kunoichi. You entered Minetown. You entered a temple. You entered Sokoban. You attained the rank of Joshu. You completed Sokoban. You completed the Gnomish Mines. You learned the tune to open and close the Castle's drawbridge. You defeated Medusa. You entered Gehennom. You attained the rank of Ryoshu. You handled the Candelabrum of Invocation. You handled the Bell of Opening. You handled the Book of the Dead. You gained access to Moloch's Sanctum. You reached the Elemental Planes. You reached the Astral Plane. You delivered the Amulet of Yendor. You ascended! The Elemental Planes: Astral Plane: <- You are here. Some temples. Plane of Water: Plane of Fire: Plane of Air: Plane of Earth: The Dungeons of Doom: levels 1 to 29 Level 1: A fountain. One way stairs up to The Elemental Planes. Level 2: A grave. Level 3: "shopkeeper $0" An untended shop. Stairs down to The Gnomish Mines. Level 4: "shopkeeper $977" An untended shop. Level 5: "2 coaligned unis" An altar to Amaterasu Omikami. Level 6: Final resting place for meek-Wiz-Hum-Mal-Neu, killed by a straw golem. Level 7: A fountain. Oracle of Delphi. Level 8: Stairs up to Sokoban, level 7. Level 9: "polytrap" Some fountains. Level 10: Level 11: A temple. Level 12: "backup BoH _" An altar. Level 13: A fountain. Portal to The Quest. Level 14: A grave. Level 15: A primitive area. Level 16: An altar to Amaterasu Omikami, a fountain. Level 17: A fountain. Level 18: Some fountains. Level 19: "puddles and temple" A temple, a fountain. Level 20: A fountain. Level 21: Level 22: A temple, some fountains. Level 23: A fountain. Level 24: "sack _, {P=" A temple to Amaterasu Omikami, a sink. Level 25: A temple to Amaterasu Omikami. Level 26: A temple to Amaterasu Omikami. Level 27: "Perseus SoR, % >" Many trees. Level 28: Level 29: A fountain. The castle (play notes "CDCBA" to open or close drawbridge). Connection to Gehennom. Gehennom: levels 30 to 53 Level 30: A temple, many graves. Valley of the Dead. Level 31: Level 32: Level 33: Level 34: Level 35: Level 36: Many fountains. Level 37: Level 38: Stairs up to Vlad's Tower, level 37. Level 39: Level 40: Level 41: Level 42: Some shops, an altar, some graves. Level 43: Level 44: Level 45: Level 46: Level 47: Level 48: Level 49: Level 50: Level 51: Level 52: Level 53: A temple, many graves. Moloch's Sanctum. The Gnomish Mines: levels 4 to 11 Level 4: Level 5: "stash >" Level 6: Level 7: "gen store $404" Many shops, a temple, some fountains. Level 8: Level 9: "polytrap" Level 10: Level 11: A fountain. The Quest: levels 1 to 6 Level 1: "stash >" Completed quest for Lord Sato. Level 2: Level 3: Level 4: Level 5: Level 6: Sokoban: levels 7 up to 4 Level 4: Solved. Level 5: Solved. Level 6: Solved. Level 7: Solved. Vlad's Tower: levels 37 up to 35 Level 35: Level 36: "locked coaligned uni" Level 37: "crap wands" Sayonara torpedovariant the Demigoddess... You went to your reward with 2433114 points, and 457 pieces of gold, after 40427 moves. You were level 15 with a maximum of 264 hit points when you ascended.